 Dungeon Crawl Stone Soup version 0.27-a0-887-gcab673c (webtiles) character file.

Game seed: 4685943900709591726

57463 ChiliFlavouring the Fighter (level 14, -2/115 HPs)
             Began as a Demonspawn Berserker on Apr 4, 2021.
             Was a High Priest of Trog.
             Splashed by an acid blob's acid (6 damage)
             ... on level 1 of the Pits of Slime.
             The game lasted 00:39:25 (14988 turns).

ChiliFlavouring the Fighter (Demonspawn Berserker) Turns: 14988, Time: 00:39:25

Health: -2/115     AC: 24    Str: 30    XL:     14   Next: 45%
Magic:  4/4        EV:  9    Int: 15    God:    Trog [*****.]
Gold:   898        SH: 16    Dex: 18    Spells: 13/13 levels left

rFire    + . .     SeeInvis .   I - +7 flail of Impatience {antimagic, rElec rPois rF+ Int+3}
rCold    . . .     Faith    .   y - +2 kite shield {AC+3}
rNeg     + . .     Spirit   .   J - +5 crystal plate armour "Xeac" {*Slow rPois rN+ Regen+ Dex+3}
rPois    +         Reflect  .   O - +1 hat {Int+3}
rElec    +         Harm     .   R - +2 cloak {Will+}
rCorr    .         Rampage  .   (no gloves)
Will     ++...                  l - +1 pair of boots {Fly}
Stlth    ..........             r - amulet of regeneration
HPRegen  2.29/turn              v - +6 ring of dexterity
MPRegen  0.09/turn              E - ring "Moos" {AC+4 Str+8 Dex-2}

@: corroded, flying, studying Shields
A: hooves 1, repulsion field 2, demonic guardian 1, spiny 2, clumsy 1, wild
magic 1
a: Renounce Religion, Berserk, Trog's Hand, Brothers in Arms


You were on level 1 of the Pits of Slime.
You worshipped Trog.
Trog was extremely pleased with you.
You visited 3 branches of the dungeon, and saw 17 of its levels.

You collected 898 gold pieces.

Inventory:

Hand Weapons
 c - a +2 vorpal rapier
 h - a +1 short sword of venom
 n - the +12 shortbow of the Shark {venom, Stlth+}
   (You found it on level 6 of the Lair of Beasts)

   It poisons the ammo it fires.
   It makes you more stealthy.
 I - the +7 flail of Impatience (weapon) {antimagic, rElec rPois rF+ Int+3}
   (You found it on level 7 of the Dungeon)

   It reduces the magical energy of the wielder, and disrupts the spells and
   magical abilities of those hit.
   Natural abilities and divine invocations are not affected.
   It affects your intelligence (+3).
   It protects you from fire.
   It insulates you from electricity.
   It protects you from poison.
 M - a +1 short sword of electrocution
Missiles
 i - a throwing net
Armour
 l - a +1 pair of boots of flying (worn)
 y - a +2 kite shield of protection (worn)
 J - the +5 crystal plate armour "Xeac" (worn) {*Slow rPois rN+ Regen+ Dex+3}
   (You found it on level 7 of the Dungeon)

   It affects your dexterity (+3).
   It protects you from poison.
   It protects you from negative energy.
   It increases your rate of health regeneration.
   It may slow you when you take damage.
 O - a +1 hat of intelligence (worn)
 R - a +2 cloak of willpower (worn)
Jewellery
 b - a ring of fire
 r - an amulet of regeneration (around neck)
 v - a +6 ring of dexterity (left hand)
 E - the ring "Moos" (right hand) {AC+4 Str+8 Dex-2}
   (You found it on level 7 of the Dungeon)

   [ring of protection]

   It affects your AC (+4).
   It affects your strength (+8).
   It affects your dexterity (-2).
Wands
 k - a wand of paralysis (19)
 B - a wand of flame (111)
 K - a wand of mindburst (14)
 P - a wand of acid (14)
 Y - a wand of polymorph (8)
 Z - a wand of iceblast (14)
Scrolls
 a - a scroll of enchant armour
 d - 6 scrolls of teleportation
 e - a scroll of immolation {unknown}
 g - a scroll of magic mapping
 p - 4 scrolls of blinking
 w - 8 scrolls of identify
 A - 2 scrolls of fear
 C - 2 scrolls of brand weapon
 L - 2 scrolls of fog
 W - a scroll of noise {unknown}
 X - a scroll of enchant weapon {unknown}
Potions
 f - 4 potions of haste
 j - 5 potions of curing
 m - 2 potions of might
 t - 2 potions of attraction {unknown}
 u - 3 potions of heal wounds
 z - 3 potions of degeneration {unknown}
 D - 3 potions of cancellation {unknown}
 F - a potion of magic {unknown}
 N - a potion of ambrosia {unknown}
 Q - 3 potions of invisibility {unknown}
 S - 7 potions of flight {unknown}
 U - 4 potions of resistance
 V - 3 potions of brilliance {unknown}


   Skills:
 + Level 12.1 Fighting
 - Level 7.7(8.0) Short Blades
 - Level 3.1(5.8) Long Blades
 * Level 10.6 Maces & Flails
 + Level 11.0 Armour
 - Level 2.0 Dodging
 + Level 10.8 Shields
 + Level 8.6 Evocations


You had 13 spell levels left.
You didn't know any spells.
Your spell library was empty.

Dungeon Overview and Level Annotations

Branches:
Dungeon (10/15)            Temple (0/1) D:5            Lair (6/6) D:8
 Shoals (0/4) Lair:3       Spider (0/4) Lair:4        Slime (1/5) Lair:6
    Orc: D:9-12

Altars:
Dithmenos
Fedhas
Makhleb
Qazlal
Ru
Uskayaw
Wu Jian
Xom
The Shining One
Jiyva

Shops:
D:8 [

Annotations:
D:6 4 runed translucent doors
Lair:4 exclusion: 2 oklob plants


Innate Abilities, Weirdness & Mutations

You have large cloven feet.
You are surrounded by a moderate repulsion field. (EV +3)
A weak demonic guardian rushes to your aid.
You are mostly covered in sharp spines.
You are clumsy. (Dex -2)
Your spells are a little harder to cast, but a little more powerful.


Message History

The acid corrodes you!
You are splashed with acid!
The acid blob spits acid at you. The splash of acid hits you.
You are splashed with acid!
You feel the effects of Trog's Hand fading.
The acid blob jiggles.
The acid blob spits acid at you. You block the splash of acid.
The acid blob spits acid at you.
The splash of acid hits you but does no damage.
The acid corrodes you!
You are splashed with acid!!
* * * LOW HITPOINT WARNING * * *
You feel better. The acid blob spits acid at you.
The splash of acid hits you but does no damage.
The acid corrodes you!
You are splashed with acid!
* * * LOW HITPOINT WARNING * * *
The acid blob hits you but does no damage.
You block the acid blob's attack.
Your skin stops crawling.
You feel less strong-willed.
Your ogre goes berserk!
You block the acid blob's attack. The acid blob spits acid at you.
The splash of acid hits you.
You are splashed with acid!
* * * LOW HITPOINT WARNING * * *
You hit the acid blob but do no damage.
Your hands burn!
* * * LOW HITPOINT WARNING * * *
A demonic guardian appears!
The acid blob is lightly wounded.
Your ogre barely misses the acid blob.
The acid blob is struck by your spines.
The acid blob hits you but does no damage.
You bludgeon the acid blob!! The acid corrodes you!
Your hands burn!
* * * LOW HITPOINT WARNING * * *
The acid blob is moderately wounded.
Your ogre hits the acid blob with a +0 giant club!!
The acid corrodes your ogre!
Your ogre is burned by acid!
The acid blob is struck by your spines. The acid blob hits you!
* * * LOW HITPOINT WARNING * * *
You are splashed with acid.
You die...

.............##.##
.............#...
.............#..#
................#
..............<.##
...........##....#
.................#
............JJ.....#
...#....#...O@.....#
...#...#.....5.....##
....#............>..#
...................##
..................##
.....#.......#.....#
#................##
#.#.##.....#.......#
.........#.......#


You could see 2 acid blobs, a friendly ogre (summoned, berserk, corroded) and a
friendly white imp (summoned).

Vanquished Creatures
  Gastronok (D:9)
  A quicksilver ooze (Slime:1)
  Fannar (D:10)
  8 hydras
  2 boulder beetles
  Erica (D:8)
  2 two-headed ogres (D:7)
  A catoblepas (Lair:3)
  Nergalle (D:10)
  A fire crab (Lair:3)
  A lindwurm (Lair:5)
  Pikel (D:7)
  An orb spider (Lair:4)
  A manticore (Lair:3)
  20 elephants
  3 cyclopes
  Maurice (D:9)
  2 black mambas (Lair:6)
  Joseph (D:9)
  A gargoyle (D:7)
  20 cane toads
  An unseen horror (D:6)
  2 rime drakes
  Psyche (D:9)
  10 komodo dragons
  Grinder (D:5)
  A wind drake (Lair:3)
  6 hornets
  18 blink frogs (Lair:6)
  4 tyrant leeches (Lair:6)
  3 wyverns
  2 vampires
  2 fire elementals (Lair:3)
  A fire bat (Lair:3)
  37 yaks
  6 vampire mosquitoes (Lair:6)
  2 steam dragons
  Grum (D:9)
  Edmund (D:4)
  2 acid dragons
  3 hell hounds (Lair:3)
  12 water moccasins
  5 black bears
  3 orc warriors
  An ice beast (D:5)
  4 sky beasts
  A necrophage (D:6)
  3 ogres
  2 phantoms
  4 centaurs
  22 wolves
  3 lemures (D:7)
  3 kobold brigands
  Blork the orc (D:6)
  29 bullfrogs
  A wyvern zombie (D:8)
  3 scorpions
  A gnoll sergeant (D:5)
  A wyvern skeleton (D:7)
  4 wights (D:7)
  A water moccasin skeleton (D:6)
  3 electric eels
  A lava snake (Lair:5)
  3 bullfrog zombies (D:6)
  5 howler monkeys
  A crimson imp (D:7)
  2 centaur zombies
  3 hounds
  2 jellies
  A gnoll shaman (D:7)
  2 orc priests (D:8)
  2 bullfrog skeletons
  3 centaur skeletons
  Natasha (thrice) (D:3)
  5 iguanas
  9 orc wizards
  3 killer bee zombies
  2 howler monkey zombies
  A howler monkey skeleton (D:6)
  4 gnolls (D:5)
  8 adders
  2 shadow imps
  A white imp (D:7)
  2 ufetubi
  2 worms (D:2)
  2 dart slugs
  27 orcs
  6 ball pythons
  5 endoplasms
  2 giant cockroaches
  14 goblins
  5 hobgoblins
  2 jackals (D:3)
  15 kobolds
  A quokka (D:2)
  3 bats (D:1)
  2 frilled lizards
  5 rats
438 creatures vanquished.

Vanquished Creatures (collateral kills)
  The ghost of Wysofy the Spear-Bearer, a journeyman DEFE of Vehumet (Lair:3)
  A yak (Lair:3)
  A water moccasin skeleton (D:5)
  A hound (D:4)
  A bullfrog skeleton (D:5)
5 creatures vanquished.

Vanquished Creatures (others)
  A hound (D:7)
  11 fungi
  76 plants
88 creatures vanquished.

Grand Total: 531 creatures vanquished

Notes
Turn   | Place    | Note
-------+----------+-------------------------------------------
     0 | D:1      | ChiliFlavouring the Demonspawn Berserker began the quest
                  | for the Orb.
     0 | D:1      | Reached XP level 1. HP: 18/18 MP: 1/1
   121 | D:1      | Gained mutation: You are partially covered in sharp spines.
                  | [demonic ancestry]
   121 | D:1      | Reached XP level 2. HP: 14/24 MP: 2/2
   957 | D:1      | Gained mutation: A weak demonic guardian rushes to your
                  | aid. [demonic ancestry]
   957 | D:1      | Reached XP level 3. HP: 29/29 MP: 3/3
  1052 | D:1      | Reached ** piety under Trog
  1891 | D:2      | Found a faded altar of an unknown god.
  2000 | D:2      | Reached XP level 4. HP: 29/37 MP: 4/4
  2105 | D:2      | Identified the Guide on Captivating Arcane Weapons
  2299 | D:3      | Reached skill level 1 in Short Blades
  2457 | D:3      | Noticed Natasha
  2473 | D:3      | Killed Natasha
  2474 | D:3      | Reached skill level 4 in Fighting
  2505 | D:3      | Gained mutation: You are surrounded by a mild repulsion
                  | field. (EV +2) [demonic ancestry]
  2505 | D:3      | Reached XP level 5. HP: 38/42 MP: 5/5
  2585 | D:3      | Noticed Natasha
  2591 | D:3      | Killed Natasha
  2663 | D:3      | Noticed Natasha
  2669 | D:3      | Killed Natasha
  3031 | D:4      | Reached XP level 6. HP: 49/49 MP: 6/6
  3079 | D:4      | Reached *** piety under Trog
  3143 | D:4      | Noticed Edmund
  3155 | D:4      | Killed Edmund
  3236 | D:4      | Found a hide-covered altar of Uskayaw.
  3421 | D:5      | Entered Level 5 of the Dungeon
  3504 | D:5      | Reached skill level 5 in Fighting
  3522 | D:5      | Noticed Grinder
  3522 | D:5      | Paralysed by Grinder for 4 turns
  3541 | D:5      | Found a staircase to the Ecumenical Temple.
  3551 | D:5      | Killed Grinder
  3552 | D:5      | Gained mutation: You have large cloven feet. [demonic
                  | ancestry]
  3552 | D:5      | Reached XP level 7. HP: 56/56 MP: 7/7
  3680 | D:5      | Reached skill level 6 in Fighting
  3680 | D:5      | Reached skill level 5 in Armour
  3884 | D:5      | Reached XP level 8. HP: 64/64 MP: 8/8
  4278 | D:6      | Found a blossoming altar of Fedhas.
  4307 | D:6      | Found a large runed translucent door.
  4312 | D:6      | Found a large runed translucent door.
  4322 | D:6      | Noticed Blork the orc
  4346 | D:6      | Killed Blork the orc
  4347 | D:6      | Reached skill level 1 in Shields
  4380 | D:6      | Found a large runed translucent door.
  4380 | D:6      | Found a large runed translucent door.
  4465 | D:6      | Found a shadowy altar of Dithmenos.
  4641 | D:6      | Reached skill level 5 in Short Blades
  4924 | D:6      | Reached skill level 7 in Fighting
  5007 | D:6      | Killed an unseen horror
  5008 | D:6      | Gained mutation: You are mostly covered in sharp spines.
                  | [demonic ancestry]
  5008 | D:6      | Reached XP level 9. HP: 40/72 MP: 9/9
  5179 | D:6      | Reached **** piety under Trog
  5453 | D:7      | Noticed Pikel
  5472 | D:7      | Killed Pikel
  5473 | D:7      | Reached skill level 8 in Fighting
  5814 | D:7      | Identified the ring "Moos" {AC+4 Str+8 Dex-2}
  5840 | D:7      | Reached XP level 10. HP: 81/81 MP: 10/10
  5863 | D:7      | Noticed a cyclops
  5882 | D:7      | Gained mutation: You are clumsy. (Dex -2) [potion of
                  | mutation]
  5882 | D:7      | Gained mutation: Your spells are a little harder to cast,
                  | but a little more powerful. [potion of mutation]
  5900 | D:7      | Killed a cyclops
  5901 | D:7      | Reached skill level 5 in Shields
  5957 | D:7      | Noticed a two-headed ogre
  5987 | D:7      | Killed a two-headed ogre
  6142 | D:7      | Noticed a gargoyle
  6144 | D:7      | Noticed a cyclops
  6153 | D:7      | Killed a gargoyle
  6154 | D:7      | Reached skill level 9 in Fighting
  6162 | D:7      | Killed a cyclops
  6170 | D:7      | Noticed a two-headed ogre
  6184 | D:7      | Killed a two-headed ogre
  6185 | D:7      | Reached skill level 1 in Evocations
  6259 | D:7      | Identified the +5 crystal plate armour "Xeac" {*Slow rPois
                  | rN+ Regen+ Dex+3}
  6259 | D:7      | Identified the +7 flail of Impatience {antimagic, rElec
                  | rPois rF+ Int+3}
  6495 | D:7      | Found a burning altar of Makhleb.
  6758 | D:8      | Found a staircase to the Lair.
  6770 | D:8      | Found Yhamuid's Antique Armour Shop.
  6797 | D:8      | Found a sacrificial altar of Ru.
  6825 | D:8      | Noticed Erica
  6835 | D:8      | Killed Erica
  6836 | D:8      | Reached skill level 1 in Maces & Flails
  6836 | D:8      | Reached XP level 11. HP: 89/89 MP: 3/11
  6879 | D:8      | Found an ornate altar of the Wu Jian Council.
  6879 | D:8      | Found a shimmering altar of Xom.
  6881 | D:8      | You fall into a shaft and drop 2 floors!
  6881 | D:10     | Entered Level 10 of the Dungeon
  6958 | D:10     | Noticed Nergalle
  6967 | D:10     | Killed Nergalle
  7069 | D:10     | Reached ***** piety under Trog
  7351 | D:10     | Noticed Fannar
  7377 | D:10     | Killed Fannar
  7689 | D:9      | Noticed Gastronok
  7741 | D:9      | Killed Gastronok
  7742 | D:9      | Reached skill level 10 in Fighting
  7832 | D:9      | Noticed Maurice
  7849 | D:9      | Killed Maurice
  8061 | D:9      | Noticed Grum
  8065 | D:9      | Reached skill level 5 in Maces & Flails
  8069 | D:9      | Killed Grum
  8134 | D:9      | Noticed Joseph
  8140 | D:9      | Killed Joseph
  8220 | D:9      | Noticed Psyche
  8227 | D:9      | Killed Psyche
  8480 | D:8      | Found a stormy altar of Qazlal.
  8843 | D:8      | Reached XP level 12. HP: 97/97 MP: 4/12
  8889 | Lair:1   | Entered Level 1 of the Lair of Beasts
  8917 | Lair:1   | Reached skill level 5 in Evocations
 10562 | Lair:3   | Found a staircase to the Shoals.
 10748 | Lair:3   | Found a transporter.
 10829 | Lair:3   | Found a runed translucent gate.
 10829 | Lair:3   | Found a runed translucent gate.
 10829 | Lair:3   | Found a runed translucent gate.
 10829 | Lair:3   | Found a transporter.
 10832 | Lair:3   | Noticed Wysofy's ghost (journeyman DEFE)
 10834 | Lair:3   | Noticed a catoblepas
 10844 | Lair:3   | Noticed a five-headed hydra
 10852 | Lair:3   | Killed a five-headed hydra
 11376 | Lair:3   | Reached skill level 11 in Fighting
 11470 | Lair:3   | Reached XP level 13. HP: 106/106 MP: 4/13
 11493 | Lair:3   | Killed Wysofy's ghost
 11494 | Lair:3   | Reached skill level 10 in Armour
 11635 | Lair:4   | Received a gift from Trog
 12133 | Lair:4   | Found a hole to the Spider Nest.
 13692 | Lair:6   | Entered Level 6 of the Lair of Beasts
 13927 | Lair:6   | Received a gift from Trog
 13969 | Lair:6   | Reached skill level 10 in Shields
 14001 | Lair:6   | Gained mutation: You are surrounded by a moderate repulsion
                  | field. (EV +3) [demonic ancestry]
 14001 | Lair:6   | Reached XP level 14. HP: 100/114 MP: 4/14
 14027 | Lair:6   | Reached skill level 10 in Maces & Flails
 14265 | Lair:6   | Reached skill level 12 in Fighting
 14659 | Lair:6   | Found a staircase to the Slime Pits.
 14661 | Lair:6   | Found a viscous altar of Jiyva.
 14901 | Lair:6   | Identified the +12 shortbow of the Shark {venom, Stlth+}
 14927 | Slime:1  | Entered Level 1 of the Pits of Slime
 14936 | Slime:1  | Noticed a quicksilver ooze
 14947 | Slime:1  | Killed a quicksilver ooze
 14970 | Slime:1  | Noticed an acid blob
 14973 | Slime:1  | Noticed an acid blob
 14988 | Slime:1  | HP: 4/115 [acid blob (15)]
 14988 | Slime:1  | Splashed by an acid blob's acid

Illustrated notes

Levels and vault maps discovered:
D:1:      nagdon_arrival_double_spiral, layout_basic, moated_statue,
          chequers_serial_rivers_small_3, dk_noncrumbling_2
D:2:      layout_loops_cross, chequers_ecumenical_altar_simple_redux
D:3:      layout_rooms, uniq_natasha
D:4:      cheibrodos_helix_gallery, layout_rooms,
          nicolae_overflow_crystal_walls, uniq_edmund
D:5:      minmay_general_purpose_star, layout_loops_ring,
          lemuel_coloured_pillars_altar, minmay_temple_entry_stoned_glass,
          amcnicky_mini_corridor_feature, uniq_grinder
D:6:      minmay_razor_zed, layout_basic, fedhas_altar_2, grunt_dithmenos_smoke,
          moated_statue, minmay_hollow_rounded_squares, uniq_blork_the_orc
D:7:      layout_basic, makhleb_grotto_becter, minmay_the_grid_2x2
          [minmay_the_grid_paths, minmay_the_grid_expand,
          minmay_the_grid_medium_cups,
          minmay_the_grid_prize_four_corners_diamond_a], uniq_pikel
D:8:      layout_rooms, lemuel_tele_altar, nicolae_qazlal_eye_of_the_storm,
          jmf_multi_god_temple, lair_entry_dummy, serial_shops, shop, uniq_erica
D:9:      layout_irregular_city, uniq_gastronok, uniq_maurice, uniq_psyche,
          uniq_joseph, uniq_grum
D:10:     layout_basic, uniq_fannar, uniq_nergalle
Lair:1:   layout_hall_layers, serial_bayou_lake_a
Lair:2:   layout_chaotic_city, minmay_stone_trees_small, serial_bayou_pond_a
Lair:3:   gammafunk_cloud_chamber, layout_regular_city,
          minmay_shoals_entry_beasts, gammafunk_ghost_split
Lair:4:   layout_long_grid, nicolae_spider_entry_orb_guardian, serial_bayou,
          serial_bayou_pond_e, serial_bayou_shore_a, serial_bayou_pond_b,
          serial_bayou_ford_a, eino_small_chamber_without_monster,
          minmay_lair_oklob_chamber
Lair:5:   cheibrodos_lair_overgrown_chateau, layout_gridlike,
          chequers_serial_rivers_small_3
Lair:6:   minmay_lair_end_frog_pond, layout_gridlike, slime_altar_1
Slime:1:  layout_caves

Skill      XL: |  1  2  3  4  5  6  7  8  9 10 11 12 13 14 |
---------------+-------------------------------------------+-----
Armour         | 2 3 4 5 6 7 8 9 10 11 | 11.0
Dodging        | 2 |  2.0
Long Blades    | 3 |  3.1
Short Blades   | 1 2 3 4 5 6 7 |  7.7
Fighting       | 4 5 6 7 8 9 10 11 12 | 12.1
Shields        | 3 4 6 7 8 10 | 10.8
Evocations     | 2 4 6 8 |  8.6
Maces & Flails | 1 5 7 9 10 | 10.6

Action                   |  1- 3 |  4- 6 |  7- 9 | 10-12 | 13-15 || total
-------------------------+-------+-------+-------+-------+-------++-------
Melee: Falchion          |    57 |       |       |       |       ||    57
       Short sword       |    32 |   100 |   221 |   105 |       ||   458
       Kick              |       |       |   100 |   262 |   225 ||   587
       Flail             |       |       |       |   393 |   448 ||   841
Invok: Berserk           |     2 |     4 |     7 |    12 |     5 ||    30
       Trog's Hand       |       |       |     1 |     5 |     3 ||     9
       Brothers in Arms  |       |       |       |     1 |     2 ||     3
  Use: Potion            |       |       |       |     2 |     2 ||     4
       Scroll            |       |       |       |    13 |       ||    13
 Stab: Sleeping          |     1 |       |       |       |       ||     1
       Distracted        |       |       |     1 |     1 |       ||     2
Armor: Animal skin       |     3 |       |       |       |       ||     3
       Leather armour    |    16 |     4 |       |       |       ||    20
       Scale mail        |       |     7 |    61 |    24 |       ||    92
       Crystal plate arm |       |       |       |   340 |   401 ||   741
Dodge: Dodged            |    50 |    51 |    89 |   138 |   156 ||   484
Block: Kite shield       |       |       |       |   373 |   414 ||   787
       Rpst.: Falchion   |     9 |       |       |       |       ||     9

Table legend: (Time is in decaauts)
 A = Elapsed time spent in this place.
 B = Non-inter-level travel time spent in this place.
 C = Inter-level travel time spent in this place.
 D = Time resting spent in this place.
 E = Time spent auto-exploring this place.
 F = Levels seen in this place.
 G = Mean time per level.
                   A        B        C        D        E       F      G
               +--------+--------+--------+--------+--------+-----+--------+
         Total |  15426 |  14814 |    612 |    966 |  10616 |  17 |  907.4 |
       Dungeon |   9125 |   8695 |    430 |    309 |   6451 |  10 |  912.5 |
          Lair |   6241 |   6060 |    181 |    656 |   4135 |   6 | 1040.2 |
    Slime Pits |     60 |     60 |      0 |      0 |     30 |   1 |   60.0 |
               +--------+--------+--------+--------+--------+-----+--------+

Top non-repeatable levels by time:
     D:1: 1548 daAuts
  Lair:4: 1328 daAuts
     D:7: 1313 daAuts
  Lair:6: 1293 daAuts
     D:6: 1189 daAuts
  Lair:3: 998 daAuts
  Lair:1: 920 daAuts
  Lair:5: 878 daAuts
     D:5: 862 daAuts
  Lair:2: 822 daAuts
     D:9: 822 daAuts
    D:10: 777 daAuts
     D:2: 769 daAuts
     D:8: 658 daAuts
     D:4: 616 daAuts
